 Dungeon Crawl Stone Soup version 0.29.1-1-gd02db6906a (webtiles) character file.

Game seed: 4378913538083049358

239 xian the Ruffian (level 5, -3/50 HPs)
             Began as a Troll Delver on Sept 17, 2022.
             Was an Initiate of Makhleb.
             Slain by an orc
             ... wielding a +0 flail
              (7 damage)
             ... on level 4 of the Dungeon.
             The game lasted 00:09:15 (3151 turns).

xian the Ruffian (Troll Delver)                     Turns: 3151, Time: 00:09:16

Health: -3/50      AC:  4    Str: 22    XL:     5   Next: 79%
Magic:  4/4        EV: 10    Int:  6    God:    Makhleb [......]
Gold:   253        SH:  0    Dex: 11    Spells: 4/4 levels left

rFire   . . .      SeeInvis .     - Unarmed
rCold   . . .      Faith    .   (no shield)
rNeg    . . .      Spirit   .   a - +0 robe
rPois   .          Reflect  .   (helmet restricted)
rElec   .          Harm     +   w - scarf {harm}
rCorr   .          Rampage  .   (gloves unavailable)
Will    .....                   (boots unavailable)
Stlth   ++........              (no amulet)
HPRegen 0.96/turn               (no ring)
MPRegen 0.09/turn               (no ring)

@: fire susceptible
A: large, unfitting armour, claws 3, regeneration 1, shaggy fur 1, tough skin 1
a: Renounce Religion


You were on level 4 of the Dungeon.
You worshipped Makhleb.
Makhleb was noncommittal.
You visited 2 branches of the dungeon, and saw 6 of its levels.

You collected 253 gold pieces.

Inventory:

Missiles
 g - 3 atropa-tipped darts
 v - 3 large rocks (quivered)
Armour
 a - a +0 robe (worn)
 w - a scarf of harm (worn)
Jewellery
 k - an amulet of the acrobat
 u - a ring of resist corrosion
Wands
 f - a wand of digging (3)
Scrolls
 b - a scroll of fog
 c - a scroll of magic mapping
 d - a scroll of noise {unknown}
 h - 3 scrolls of teleportation {unknown}
 j - 4 scrolls of identify {unknown}
 l - a scroll of vulnerability {unknown}
 o - a scroll of immolation {unknown}
 s - a scroll of summoning {unknown}
 y - a scroll of enchant armour {unknown}
Potions
 e - a potion of brilliance {unknown}
 i - a potion of heal wounds {unknown}
 m - 2 potions of lignification {unknown}
 n - a potion of flight {unknown}
 p - 2 potions of might {unknown}
 q - a potion of resistance {unknown}
 r - a potion of magic {unknown}
 t - 3 potions of haste
 x - a potion of curing {unknown}


   Skills:
 + Level 2.7 Fighting
 + Level 0.1 Throwing
 + Level 2.2 Dodging
 - Level 2.8 Stealth
 * Level 5.4 Unarmed Combat


You had 4 spell levels left.
You didn't know any spells.
Your spell library contained the following spells:

 Spells                   Type           Power      Damage    Failure   Level
 Apportation              Tloc           0%         N/A       45%         1
 Necrotise                Necr           0%         1d4       45%         1
 Summon Small Mammal      Summ           0%         N/A       45%         1
 Animate Dead             Necr           0%         N/A       99%         4
 Borgnjor's Vile Clutch   Necr/Erth      0%         N/A       100%        5
 Death Channel            Necr           0%         N/A       100%        6


Dungeon Overview and Level Annotations

Branches:
Dungeon (5/15)             Temple (1/1) D:4

Altars:
Ashenzari
Dithmenos
Elyvilon
Fedhas
Gozag
Hepliaklqana
Makhleb
Nemelex Xobeh
Okawaru
Vehumet
Wu Jian
Yredelemnul
The Shining One
Ignis


Innate Abilities, Weirdness & Mutations

You are too large for most types of armour.
You have claws for hands.
Your natural rate of healing is unusually fast.
You are covered in fur. (AC +1)
You have tough skin. (AC +1)


Message History

* * * LOW HITPOINT WARNING * * *
You claw the orc!
You kill the orc!
Makhleb accepts your kill. The orc barely misses you.
You barely miss the orc. The orc hits you with a +0 flail.
* * * LOW HITPOINT WARNING * * *
The orc completely misses you.
You closely miss the orc. The orc hits you but does no damage.
The orc barely misses you.
You barely miss the orc. The orc hits you but does no damage.
The orc hits you with a +0 club.
* * * LOW HITPOINT WARNING * * *
You scratch the orc.
The orc is severely wounded.
The orc barely misses you. The orc hits you but does no damage.
You closely miss the orc.
The orc is severely wounded.
You barely miss the orc.
The orc is severely wounded.
The orc complains repeatedly.
The orc closely misses you. x2
You barely miss the orc.
The orc is severely wounded.
The orc hits you with a +0 flail.
* * * LOW HITPOINT WARNING * * *
The orc hits you with a +0 club.
* * * LOW HITPOINT WARNING * * *
You scratch the orc.
You kill the orc!
Makhleb accepts your kill. The orc barely misses you.
You barely miss the orc.
The orc is lightly wounded.
The orc hits you with a +0 flail.
* * * LOW HITPOINT WARNING * * *
You completely miss the orc.
The orc is lightly wounded.
The orc hits you with a +0 flail.
You die...

#.. #####.. .
#...).. ..
#...... ...
#...... ....
##.#### .....
##.#
......####
#..# #
.$....)@.#
#.#####
#.######o##
####.# #..
#..# #....#
#.# ##.##
#....# #..
#..## #....#
#.#
##..####..##
#..
##..####..#
##.
##.....#.####.
#####......#.


You could see an orc.

Vanquished Creatures
  Natasha (twice) (D:3)
  Terence (D:3)
  An orc wizard (D:4)
  A gnoll (D:1)
  2 adders (D:3)
  2 dart slugs
  A worm (D:2)
  7 orcs (D:4)
  2 bats
  13 endoplasms
  4 giant cockroaches (D:1)
  19 goblins
  8 hobgoblins
  3 jackals (D:1)
  3 quokkas
  3 ball pythons
  A frilled lizard (D:1)
  11 kobolds
  4 rats
88 creatures vanquished.

Vanquished Creatures (others)
  2 fungi (D:1)
2 creatures vanquished.

Grand Total: 90 creatures vanquished

Notes
Turn   | Place    | Note
-------+----------+-------------------------------------------
     0 | D:5      | xian the Troll Delver began the quest for the Orb.
     0 | D:5      | Reached XP level 1. HP: 22/22 MP: 0/0
    94 | D:4      | Noticed an orc wizard
   222 | D:2      | Reached XP level 2. HP: 29/29 MP: 1/1
   384 | D:2      | Reached XP level 3. HP: 33/36 MP: 2/2
   498 | D:2      | Reached skill level 3 in Unarmed Combat
  1302 | D:1      | Found a faded altar of an unknown god.
  1331 | D:1      | Prayed at the altar of an unknown god.
  1331 | D:1      | Became a worshipper of Ignis, the Dying Flame
  1838 | D:1      | Reached XP level 4. HP: 44/44 MP: 3/3
  2192 | D:3      | Reached skill level 4 in Unarmed Combat
  2215 | D:3      | Noticed Natasha
  2226 | D:3      | Killed Natasha
  2271 | D:3      | Reached XP level 5. HP: 50/50 MP: 4/4
  2371 | D:3      | Noticed Natasha
  2383 | D:3      | Killed Natasha
  2533 | D:3      | Noticed Terence
  2538 | D:3      | Killed Terence
  2539 | D:3      | Reached skill level 5 in Unarmed Combat
  2690 | D:4      | Found a staircase to the Ecumenical Temple.
  2719 | Temple   | Entered the Ecumenical Temple
  2998 | Temple   | Fell from the grace of Ignis
  2998 | Temple   | Became a worshipper of Makhleb the Destroyer
  3151 | D:4      | Slain by an orc

Illustrated notes

Levels and vault maps discovered:
D:1:      onia_arrival_handbag, layout_basic, shapermc_ecumenical_altar_ellora
D:2:      cheibrodos_greedy_goblins, layout_loops_corners
D:3:      layout_rooms, uniq_terence, uniq_natasha
D:4:      layout_rooms, slow_altar_2, minmay_temple_entry_slanted,
          nicolae_ossuary_entry_monument
D:5:      layout_gridville, portal_sewer_entry_f, due_unseen_surprise
Temple:   compressed_dpeg_triangle_lava_temple

Skill      XL: |  1  2  3  4  5 |
---------------+----------------+-----
Dodging        | 2 |  2.2
Unarmed Combat | 3 4 5 |  5.4
Fighting       | |  2.7
Throwing       | |  0.1
Stealth        | |  2.8

Action                   |  1- 3 |  4- 6 || total
-------------------------+-------+-------++-------
Melee: Unarmed           |   140 |    83 ||   223
       Punch             |     4 |     2 ||     6
Throw: Dart              |     1 |       ||     1
       Large rock        |       |     1 ||     1
  Use: Scroll            |     1 |       ||     1
       Potion            |     1 |       ||     1
 Stab: Sleeping          |     2 |     3 ||     5
Armor: Robe              |    44 |    16 ||    60
Dodge: Dodged            |    60 |    41 ||   101
